AoeStats
← Wiston

Arabia

508770926Analyzed
4v4 RM · 10d ago on Sep 24, 2026· 36m 0s· 8 players
Game mode
Random Map
Map size
Large (8 player)
Population
200
Speed
Normal
Resources
Standard
Victory
Conquest
Starting age
Dark Age
Ending age
Imperial Age
RankedLock teamsTeams togetherTeam positionsShared explorationLock speedFull tech treeHidden civsTurbo modeCheats
Victory
Defeat
🇨🇱 Vikings · Chile
1129
+12
🇨🇱 Varangians · Chile
1090
+13
🇨🇱 Danes · Chile
1009
+17
🇦🇷 Saxons · Argentina
963
+18
🇦🇺 Vietnamese · Australia
1050
-16
🇨🇦 Teutons · Canada
1043
-16
🇹🇷 Malians · Türkiye
1012
-14
🇺🇸 Franks · United States
1010
-30
Alt22
5:00 Loom
12:08 Feudal Age
18:16 Castle Age
18:59 Double-Bit Axe
SongForBob
8:15 Loom
12:49 Feudal Age
18:18 Castle Age
17:31 Padded Archer Armor
18:22 Scale Barding Armor
22:33 Wheelbarrow
23:56 Chain Barding Armor
28:11 Hand Cart
30:14 Leather Archer Armor
29:50 Fletching
32:14 Horse Collar
34:03 Double-Bit Axe
Dad
13:00 Feudal Age
13:18 Loom
14:44 Double-Bit Axe
15:38 Wheelbarrow
15:30 Gold Mining
20:35 Castle Age
20:56 Forging
20:52 Scale Barding Armor
21:33 Husbandry
22:14 Iron Casting
22:52 Bow Saw
23:47 Chain Barding Armor
24:07 Gold Shaft Mining
28:40 Hand Cart
DisWhey
6:55 Loom
10:59 Feudal Age
11:54 Double-Bit Axe
17:30 Fletching
17:41 Padded Archer Armor
18:08 Horse Collar
MrTulio007
7:25 Loom
10:48 Feudal Age
14:42 Castle Age
16:57 Double-Bit Axe
24:57 Fletching
30:44 Horse Collar
31:18 Bow Saw
34:55 Imperial Age
34:37 Ballistics
34:28 Masonry
34:14 Murder Holes
Wiston
7:57 Loom
11:06 Feudal Age
12:07 Double-Bit Axe
12:52 Town Watch
16:47 Man-at-Arms
17:58 Fletching
20:49 Wheelbarrow
20:24 Padded Archer Armor
20:32 Gold Mining
20:31 Horse Collar
25:38 Forging
27:49 Castle Age
28:43 Gambesons
28:59 Squires
30:39 Forging
35:12 Crossbowman
Zeysh
6:29 Loom
9:26 Feudal Age
10:04 Double-Bit Axe
15:07 Bloodlines
21:44 Castle Age
20:58 Forging
20:55 Scale Barding Armor
21:00 Horse Collar
23:12 Wheelbarrow
23:03 Husbandry
25:37 Iron Casting
24:57 Fletching
25:20 Bow Saw
26:20 Heavy Plow
26:57 Gold Mining
27:00 Stone Mining
27:52 Town Watch
29:44 Chain Barding Armor
32:05 Stone Shaft Mining
32:30 Hand Cart
32:21 Bodkin Arrow
32:59 Vendel Legacy
ANTILUKA
3:19 Loom
11:04 Feudal Age
11:54 Double-Bit Axe
18:52 Castle Age
22:03 Bow Saw
22:23 Fletching
22:45 Forging
22:36 Scale Mail Armor
24:06 Iron Casting
24:07 Gold Mining
24:39 Squires
28:43 Gold Shaft Mining
28:58 Arson
30:00 Wheelbarrow
30:28 Hamask
35:08 Imperial Age
35:17 Stone Mining
35:47 Hand Cart
36:30 Ballistics
37:12 Chemistry
36:02 Town Watch
Connection lost

Rejoining the realm…

Still unreachable

The connection could not be restored.

Session expired

The server has moved on; the page needs a fresh start.